 Dungeon Crawl Stone Soup version 0.31-a0-229-g1fc7ce93e2 (webtiles) character file.

Game seed: 15366817716411970121

69 qw the Shooter (level 4, -1/26 HPs)
             Began as a Gargoyle Hexslinger on July 6, 2023.
             Slain by an orc
             ... wielding a +0 club
              (2 damage)
             ... on level 2 of the Dungeon.
             The game lasted 00:00:38 (1817 turns).

qw the Shooter (Gargoyle Hexslinger)                Turns: 1817, Time: 00:00:38

Health: -1/26      AC:  6    Str: 11    XL:     4   Next: 20%
Magic:  5/5        EV: 12    Int: 14    God:
Gold:   100        SH:  0    Dex: 14    Spells: 4/5 levels left

rFire   . . .        Y - +1 sling
rCold   . . .        (no shield)
rNeg    + . .        c - +0 robe
rPois   inf          (no helmet)
rElec   +            (no cloak)
rCorr   .            (no gloves)
SInv    .            i - +0 pair of boots
Will    .....        (no amulet)
Stlth   +            (no ring)
HPRegen 0.24/turn    (no ring)
MPRegen 0.09/turn

%: no passive effects
@: no status effects
A: sickness immunity, AC +3, negative energy resistance 1, electricity
resistance, torment resistance 1, petrification resistance
a: no special abilities


You were on level 2 of the Dungeon.
You visited 1 branch of the dungeon, and saw 3 of its levels.

You collected 100 gold pieces.


Innate Abilities, Weirdness & Mutations

You are immune to sickness and miasma.
Your stone body is resilient. (AC +3)
You are immune to poison.
You resist negative energy. (rN+)
You are resistant to electric shocks. (rElec)
You are resistant to unholy torment.
You are immune to petrification.


   Skills:
 - Level 2.0 Fighting
 + Level 4.0 Ranged Weapons
 - Level 1.5 Dodging
 - Level 1.0 Spellcasting
 - Level 2.6 Hexes


You had 4 spell levels left.
You knew the following spells:

 Your Spells              Type           Power      Damage    Failure   Level
a - Slow                  Hex            32%        N/A       9%          1

Your spell library contained the following spells:

 Spells                   Type           Power      Damage    Failure   Level
 Inner Flame              Hex/Fire       4%         N/A       41%         3
 Portal Projectile        Hex/Tloc       8%         N/A       41%         3
 Cause Fear               Hex            4%         N/A       65%         4

Inventory:

Hand Weapons
 Y - a +1 sling (weapon)
Armour
 c - a +0 robe (worn)
 i - a +0 pair of boots (worn)
Scrolls
 h - a scroll of identify
Potions
 d - a potion of cancellation {unknown}
 j - a potion of lignification {unknown}

Dungeon Overview and Level Annotations

Branches:
Dungeon (3/15)

Altars:

Shops:
D:3 !


Message History

The orc priest hits you but does no damage.
The orc barely misses you.
You climb upwards.
There is a stone staircase leading down here.
You shoot a sling bullet.
The sling bullet hits the orc priest but does no damage.
The orc priest is lightly wounded.
The bat hits you but does no damage. The orc closely misses you.
The rat misses you. The orc closely misses you.
The orc priest closely misses you. The orc hits you with a +0 dagger.
You shoot a sling bullet.
The sling bullet hits the orc priest but does no damage.
The orc priest is lightly wounded.
The bat closely misses you. x2; The orc hits you but does no damage.
The rat barely misses you.
The orc priest hits you with a +0 dagger.
The orc hits you with a +0 dagger. The orc hits you but does no damage.
The bat hits you but does no damage.
You shoot a sling bullet.
The sling bullet hits the orc priest but does no damage.
The orc priest is lightly wounded.
The bat closely misses you. The bat hits you.
The bat hits you but does no damage. The orc hits you but does no damage.
The rat barely misses you. The orc closely misses you.
The orc priest barely misses you. The orc hits you but does no damage.
You shoot a sling bullet.
The sling bullet hits the orc priest but does no damage.
The orc priest is lightly wounded.
The bat hits you but does no damage. The orc barely misses you.
The rat bites you but does no damage.
The orc priest miscasts a cantrip.
The orc hits you with a +0 dagger. The orc hits you with a +0 hand axe.
You shoot a sling bullet.
The sling bullet hits the orc priest but does no damage.
The orc priest is lightly wounded.
The bat barely misses you. The orc closely misses you.
The rat barely misses you.
The orc priest hits you but does no damage.
The orc barely misses you. x2; The orc hits you with a +0 club.
You die...

########### #.........#
#.#######.# #.# #...#.#
#####'###.#.#.#
#......)..#.#.#
#.........#.#.###########
#......o.o...............
#......o@.##..########...
#......or..b..# #.##
#####...).........#####
#.#
#...........#.....#...#
##'##
#.#########.#.....#.#.#
#.... #...# #.......#.#.#
#.... #...# ###.....#.#.#
#.... #...# #.....#.#.#
#.... #...#
#.......#^###....


You could see an orc priest, 3 orcs, a bat and a rat.

Vanquished Creatures
  2 adders (D:2)
  4 dart slugs
  A bat (D:1)
  3 endoplasms
  A giant cockroach (D:1)
  4 goblins
  6 hobgoblins
  4 jackals (D:1)
  3 quokkas
  4 ball pythons
  2 frilled lizards (D:1)
  4 kobolds
38 creatures vanquished.

Notes
Turn   | Place    | Note
-------+----------+-------------------------------------------
     0 | D:1      | qw the Gargoyle Hexslinger began the quest for the Orb.
     0 | D:1      | Reached XP level 1. HP: 12/12 MP: 2/2
     0 | D:1      | 0 ||| qw: Version: 0.3-a-46-gb1f654a
     0 | D:1      | 0 ||| qw: Game counter: 1620
     0 | D:1      | 0 ||| qw: Melee chars always use a shield: true
     0 | D:1      | 0 ||| qw: God list: Okawaru
     0 | D:1      | 0 ||| qw: Allow faded altars: false
     0 | D:1      | 0 ||| qw: Do Orc after clearing Dungeon:15 true
     0 | D:1      | 0 ||| qw: Do second Lair branch before Depths: true
     0 | D:1      | 0 ||| qw: Lair rune preference: random
     0 | D:1      | 0 ||| qw: Goals: Normal
     0 | D:1      | 0 ||| PLANNING D:1-11
    68 | D:1      | Reached XP level 2. HP: 6/16 MP: 3/3
   165 | D:1      | Reached skill level 3 in Ranged Weapons
   305 | D:1      | Reached XP level 3. HP: 21/21 MP: 4/4
   365 | D:1      | 365 ||| FLEEEEING.
   366 | D:1      | 366 ||| FLEEEEING.
   792 | D:1      | 792 ||| UPGRADING to +0 pair of boots.
   797 | D:1      | 797 ||| READING scroll labelled MOK WUIXKUA.
   798 | D:1      | 798 ||| READING scroll labelled XUMEPI PEGU.
   799 | D:1      | 799 ||| READING 2 scrolls labelled NIFAEPH HAEST.
   800 | D:1      | 800 ||| READING scroll labelled MERPHA XAYLOB.
   805 | D:1      | 805 ||| READING scroll labelled FEC NOEKANKAKH.
   806 | D:1      | 806 ||| DRINKING 2 golden potions.
   807 | D:1      | 807 ||| DROPPING scroll of poison.
   808 | D:1      | 808 ||| DROPPING potion of magic.
  1213 | D:2      | Reached XP level 4. HP: 26/26 MP: 5/5
  1696 | D:2      | Reached skill level 4 in Ranged Weapons
  1787 | D:2      | 1787 ||| DROPPING amulet of magic regeneration.
  1788 | D:2      | 1788 ||| READING scroll labelled MOIHAR SOIKET.
  1789 | D:2      | 1789 ||| READING 3 scrolls of identify.
  1789 | D:2      | 1789 ||| IDENTIFYING puce potion
  1790 | D:2      | 1790 ||| READING 2 scrolls of identify.
  1790 | D:2      | 1790 ||| IDENTIFYING smoky puce potion
  1791 | D:2      | 1791 ||| DROPPING potion of degeneration.
  1792 | D:2      | 1792 ||| DROPPING potion of attraction.
  1805 | D:3      | Found Wuerricu's Distillery.
  1811 | D:3      | 1811 ||| STAIRDANCE
  1814 | D:2      | HP: 6/26 [orc/+0 dagger (4)]
  1816 | D:2      | HP: 1/26 [orc/+0 hand axe (2)]
  1817 | D:2      | Slain by an orc

Levels and vault maps discovered:
D:1:      shiori_shiawase, layout_loops_ring, corexii_leaking_fountain,
          minmay_split_cup_large
D:2:      layout_basic
D:3:      layout_basic, amcnicky_altar_gilded, nicolae_qazlal_beasts_of_the_sky,
          serial_shops, shop, uniq_ijyb

Skill      XL: |  1  2  3  4 |
---------------+-------------+-----
Ranged Weapons | 3 4 |  4.0
Fighting       | 2 |  2.0
Dodging        | |  1.5
Spellcasting   | |  1.0
Hexes          | |  2.6

Action                     |  1- 3 |  4- 6 || total
---------------------------+-------+-------++-------
   Fire: Sling             |   125 |    25 ||   150
    Use: Scroll            |     5 |     3 ||     8
         Potion            |     1 |       ||     1
 Armour: Robe              |    25 |    21 ||    46
  Dodge: Dodged            |    44 |    37 ||    81

Table legend:
 A = Non-vault XP
 B = Vault XP
 C = Vault XP percentage of total XP
 D = Non-vault monster count
 E = Vault monster count
 F = Vault count percentage of total count
                 A         B        C        D         E       F
            +---------+---------+-------+---------+---------+-------
      Total |      90 |       9 |   9.1 |      33 |       5 |  13.2
            +---------+---------+-------+---------+---------+-------
        D:1 |      40 |       9 |  18.4 |      19 |       5 |  20.8
        D:2 |      50 |       0 |   0.0 |      14 |       0 |   0.0
            +---------+---------+-------+---------+---------+-------
